 Dungeon Crawl Stone Soup version 0.26-a0-651-gb41185065b (webtiles) character file.

Game seed: 9675099255062433732

117 Gargoyl the Skirmisher (level 5, 0/70 HPs)
             Began as a Gnoll Abyssal Knight on Sept 28, 2020.
             Was a Believer of Lugonu.
             Slain by Grinder (2 damage)
             ... while paralysed by Grinder
             ... on level 3 of the Dungeon.
             The game lasted 00:03:41 (2212 turns).

Gargoyl the Skirmisher (Gnoll Abyssal Knight)       Turns: 2212, Time: 00:03:42

Health: 0/70       AC: 22    Str: 22    XL:     5   Next: 1%
Magic:  8/8        EV:  2    Int: 14    God:    Lugonu [**....]
Gold:   188        SH:  0    Dex: 14    Spells: 6/6 levels left

rFire    . . .     SeeInvis .   a - +1 hand axe
rCold    . . .     Faith    .   k - +0 buckler
rNeg     + + +     Spirit   .   (armour currently unavailable)
rPois    +         Reflect  .   (helmet currently unavailable)
rElec    .         Harm     .   (cloak currently unavailable)
rCorr    .         Rampage  .   (gloves currently unavailable)
MR       .....     NoTele   +   (boots currently unavailable)
Stlth    ++........             n - amulet of the acrobat
HPRegen  0.00/turn              c - +6 ring of strength
MPRegen  0.11/turn              (no ring)

@: paralysed, tree-form, very slightly contaminated, hasted, invisible
A: distributed training, deterioration 1, inhibited regeneration, evolution 1,
strong nose
a: Depart the Abyss, Bend Space, Renounce Religion


You were on level 3 of the Dungeon.
You worshipped Lugonu.
Lugonu was pleased with you.
You were a tree.
You visited 1 branch of the dungeon, and saw 3 of its levels.
You visited the Abyss 1 time.

You collected 188 gold pieces.

Inventory:

Hand Weapons
 a - a +1 hand axe (weapon)
Armour
 k - a +0 buckler (worn)
 l - a +0 cloak (melded)
 q - a +0 plate armour (melded)
Jewellery
 c - a +6 ring of strength (left branch)
 n - an amulet of the acrobat (around neck)
Scrolls
 e - 2 scrolls of remove curse
 o - a scroll of random uselessness {unknown}
 p - 2 scrolls of teleportation
 r - a scroll of identify
Potions
 b - a potion of stabbing
 f - a potion of invisibility
 i - a potion of lignification


   Skills:
 + Level 6.6 Fighting
 + Level 1.3 Short Blades
 + Level 1.3 Long Blades
 + Level 4.7 Axes
 + Level 1.3 Maces & Flails
 + Level 1.3 Polearms
 + Level 1.3 Staves
 + Level 1.3 Slings
 + Level 1.3 Bows
 + Level 1.3 Crossbows
 + Level 1.3 Throwing
 + Level 4.7 Armour
 + Level 2.8 Dodging
 + Level 1.3 Stealth
 + Level 1.3 Shields
 + Level 1.3 Unarmed Combat
 + Level 1.3 Spellcasting
 + Level 1.0 Conjurations
 + Level 1.0 Hexes
 + Level 1.0 Summonings
 + Level 1.0 Necromancy
 + Level 1.0 Translocations
 + Level 1.0 Transmutations
 + Level 1.0 Fire Magic
 + Level 1.0 Ice Magic
 + Level 1.0 Air Magic
 + Level 1.0 Earth Magic
 + Level 1.0 Poison Magic
 + Level 4.8 Invocations
 + Level 1.3 Evocations


You had 6 spell levels left.
You didn't know any spells.
Your spell library was empty.

Dungeon Overview and Level Annotations

Branches:
Dungeon (3/15)

Altars:

Annotations:
D:3 1 runed translucent door, Crazy Yiuf, Grinder


Innate Abilities, Weirdness & Mutations

Your experience applies equally to all skills.
((You have very sharp teeth.))
Your uncanny sense of smell can sniff out nearby items.
((You are partially covered in molten scales. (AC +2)))
Your body sometimes deteriorates upon taking damage.
You do not regenerate when monsters are visible.
You evolve.


Message History

Grinder hits you.
* * * LOW HITPOINT WARNING * * *
You slash Grinder!
Grinder is almost dead.
You barely miss Grinder.
Grinder is almost dead.
Grinder hits you but does no damage.
Your shield prevents you from hitting Grinder.
Grinder is almost dead.
Grinder hits you.
* * * LOW HITPOINT WARNING * * *
You hit Grinder.
Grinder is almost dead.
Grinder gestures at you.
You suddenly lose the ability to move!
Grinder hits you but does no damage. Grinder gestures at you.
You shrug off the repeated paralysis!
Grinder hits you.
You die...

∆ ## .. .# .# .# ##.#
#5.# #♣# ... #.# [...
#.# #.....## #.# #...
..# #.# #####.#.##.#
####.###.......##.#
#..........#.####.###
#.##..)....#.#...[...
#.##.##....#.........


You could see Grinder (strong).

Vanquished Creatures
  3 gnolls (D:3)
  2 adders (D:2)
  2 worms (D:2)
  2 dart slugs
  A leopard gecko (D:2)
  An orc (D:3)
  2 giant cockroaches
  6 goblins
  6 hobgoblins
  7 jackals (D:2)
  2 quokkas
  5 bats
  5 frilled lizards
  4 kobolds
  11 rats
59 creatures vanquished.

Vanquished Creatures (others)
  2 starspawn tentacles (Abyss:1)
2 creatures vanquished.

Grand Total: 61 creatures vanquished

Notes
Turn   | Place    | Note
-------+----------+-------------------------------------------
     0 | Abyss:1  | Gargoyl the Gnoll Abyssal Knight began the quest for the
                  | Orb.
     0 | Abyss:1  | Reached XP level 1. HP: 23/23 MP: 3/3
    94 | Abyss:1  | Noticed a salamander
   188 | Abyss:1  | Noticed a tentacled starspawn
   191 | Abyss:1  | Noticed a large abomination
   194 | D:1      | Escaped the Abyss
   446 | D:1      | Reached XP level 2. HP: 29/29 MP: 5/5
   588 | D:1      | Reached * piety under Lugonu
   874 | D:2      | Reached XP level 3. HP: 35/35 MP: 6/6
  1149 | D:2      | Reached skill level 1 in Short Blades
  1149 | D:2      | Reached skill level 1 in Long Blades
  1149 | D:2      | Reached skill level 1 in Maces & Flails
  1149 | D:2      | Reached skill level 1 in Polearms
  1149 | D:2      | Reached skill level 1 in Staves
  1149 | D:2      | Reached skill level 1 in Slings
  1149 | D:2      | Reached skill level 1 in Bows
  1149 | D:2      | Reached skill level 1 in Crossbows
  1149 | D:2      | Reached skill level 1 in Throwing
  1149 | D:2      | Reached skill level 1 in Stealth
  1149 | D:2      | Reached skill level 1 in Shields
  1149 | D:2      | Reached skill level 1 in Unarmed Combat
  1149 | D:2      | Reached skill level 1 in Spellcasting
  1149 | D:2      | Reached skill level 1 in Evocations
  1252 | D:2      | Reached XP level 4. HP: 41/41 MP: 7/7
  1385 | D:2      | Reached ** piety under Lugonu
  1598 | D:3      | Reached skill level 1 in Conjurations
  1598 | D:3      | Reached skill level 1 in Hexes
  1598 | D:3      | Reached skill level 1 in Summonings
  1598 | D:3      | Reached skill level 1 in Necromancy
  1598 | D:3      | Reached skill level 1 in Translocations
  1598 | D:3      | Reached skill level 1 in Transmutations
  1598 | D:3      | Reached skill level 1 in Fire Magic
  1598 | D:3      | Reached skill level 1 in Ice Magic
  1598 | D:3      | Reached skill level 1 in Air Magic
  1598 | D:3      | Reached skill level 1 in Earth Magic
  1598 | D:3      | Reached skill level 1 in Poison Magic
  1845 | D:3      | Reached XP level 5. HP: 47/47 MP: 8/8
  1954 | D:3      | Found a faded altar of an unknown god.
  2058 | D:3      | Found a runed translucent door.
  2059 | D:3      | Noticed Crazy Yiuf
  2183 | D:3      | Noticed Grinder
  2202 | D:3      | Gained mutation: You do not regenerate when monsters are
                  | visible. [potion of mutation]
  2202 | D:3      | Gained mutation: Your body sometimes deteriorates upon
                  | taking damage. [potion of mutation]
  2202 | D:3      | Gained mutation: You evolve. [potion of mutation]
  2202 | D:3      | Gained mutation: You are partially covered in molten
                  | scales. (AC +2) [potion of mutation]
  2208 | D:3      | HP: 2/70 [Grinder (5)]
  2209 | D:3      | Paralysed by Grinder for 3 turns
  2212 | D:3      | Slain by Grinder

Illustrated notes

Levels and vault maps discovered:
D:1:      wander_arrival_peaceful_grave, layout_basic
D:2:      layout_basic
D:3:      layout_loops_cross, okawaru_metal_pillars_1_2,
          chequers_ecumenical_altar_simple_redux, uniq_ijyb,
          uniq_crazy_yiuf_cottage, uniq_grinder

Skill      XL: |  1  2  3  4 |
---------------+-------------+-----
Short Blades   | 1 |  1.3
Long Blades    | 1 |  1.3
Maces & Flails | 1 |  1.3
Polearms       | 1 |  1.3
Staves         | 1 |  1.3
Slings         | 1 |  1.3
Bows           | 1 |  1.3
Crossbows      | 1 |  1.3
Throwing       | 1 |  1.3
Stealth        | 1 |  1.3
Shields        | 1 |  1.3
Unarmed Combat | 1 |  1.3
Spellcasting   | 1 |  1.3
Evocations     | 1 |  1.3
Conjurations   | 1 |  1.0
Hexes          | 1 |  1.0
Summonings     | 1 |  1.0
Necromancy     | 1 |  1.0
Translocations | 1 |  1.0
Transmutations | 1 |  1.0
Fire Magic     | 1 |  1.0
Ice Magic      | 1 |  1.0
Air Magic      | 1 |  1.0
Earth Magic    | 1 |  1.0
Poison Magic   | 1 |  1.0
Fighting       | |  6.6
Axes           | |  4.7
Armour         | |  4.7
Dodging        | |  2.8
Invocations    | |  4.8

Action                   |  1- 3 |  4- 6 || total
-------------------------+-------+-------++-------
Melee: Hand axe          |    93 |    71 ||   164
       Bite              |     7 |     9 ||    16
Invok: Depart the Abyss  |     1 |       ||     1
  Use: Potion            |     1 |     7 ||     8
       Scroll            |     2 |     4 ||     6
Armor: Leather armour    |    37 |       ||    37
       Chain mail        |    27 |    27 ||    54
       Skin              |       |     3 ||     3
       Plate armour      |       |     1 ||     1
Dodge: Dodged            |    92 |    36 ||   128
Block: Buckler           |       |     2 ||     2

Table legend: (Time is in decaauts)
 A = Elapsed time spent in this place.
 B = Non-inter-level travel time spent in this place.
 C = Inter-level travel time spent in this place.
 D = Time resting spent in this place.
 E = Time spent auto-exploring this place.
 F = Levels seen in this place.
 G = Mean time per level.
                   A        B        C        D        E       F      G
               +--------+--------+--------+--------+--------+-----+--------+
         Total |   2217 |   2170 |     47 |     55 |   1549 |   4 |  554.2 |
       Dungeon |   2024 |   1977 |     47 |     55 |   1391 |   3 |  674.7 |
         Abyss |    193 |    193 |      0 |      0 |    158 |   1 |  193.0 |
               +--------+--------+--------+--------+--------+-----+--------+

Top non-repeatable levels by time:
     D:2: 713 daAuts
     D:3: 673 daAuts
     D:1: 637 daAuts
 Abyss:1: 193 daAuts
